Cogmind - Beta 13 @@@ ROGUE MODE // 2024.05.02 @ 18:54:36 Player: yomama Result: Destroyed by G-34 Mercenary with Small Laser Performance ------------- Evolutions (0) 0 Regions Visited (1) 200 Robots Destroyed (21) 105 Value Destroyed (333) 333 Prototype IDs (0) 0 Alien Tech Used (0) 0 Bonus (0) 0 TOTAL SCORE: 638 Bonus ------- None Cogmind --------- Core Integrity 0/250 Matter 260/300 Energy 250/250 System Corruption 0% Temperature Warm (100) Movement Walking (120) Location -10/Materials Parts ------- > --- POWER (1) -------- Ion Engine > --- PROPULSION (2) --- Aluminum Leg Aluminum Leg > --- UTILITY (2) ------ Medium Storage Unit Seismic Detector > --- WEAPON (2) ------- Particle Gun Light Assault Rifle > --- INVENTORY (10) --- Light Treads Wheel Wheel Wheel Wheel Heat Sink Terrain Scanner Improved Terrain Scanner Terrain Scan Processor Light Assault Rifle Peak State ------------ > --- POWER ------------ Light Ion Engine > --- PROPULSION ------- Aluminum Leg Aluminum Leg > --- UTILITY ---------- Improved Terrain Scanner Seismic Detector > --- WEAPON ----------- Medium Laser Assault Rifle > --- INVENTORY -------- Light Treads Light Treads Wheel Wheel [Rating: 9] Favorites ----------- Power Light Ion Engine Engine Light Ion Engine Propulsion Aluminum Leg Treads Light Treads Leg Aluminum Leg Wheel Wheel Utility Seismic Detector Device Seismic Detector Storage Medium Storage Unit Weapon Medium Laser Energy Gun Medium Laser Ballistic Gun Assault Rifle Launcher Grenade Launcher Special Melee Weapon Datajack Build | -11 -10 ------- Run | Yrd Mat Slots Evolved . | . . Power . | . . Propulsion . | . . Utility . | . . Weapon . | . . Parts Attached 26 | 7 19 Power 3 | 1 2 Engine 3 | 1 2 Core . | . . Reactor . | . . Propulsion 9 | 2 7 Treads 3 | . 3 Leg 4 | 2 2 Wheel 2 | . 2 Hover . | . . Flight . | . . Utility 5 | 2 3 Device 4 | 2 2 Storage 1 | . 1 Processor . | . . Hackware . | . . Protection . | . . Artifact . | . . Weapon 9 | 2 7 Energy Gun 3 | 1 2 Energy Cannon . | . . Ballistic Gun 2 | 1 1 Ballistic Cannon . | . . Launcher 2 | . 2 Special Weapon . | . . Impact Weapon . | . . Slashing Weapon . | . . Piercing Weapon . | . . Special Melee Weapon 2 | . 2 Unidentified Prototypes . | . . Parts Lost 9 | . 9 Power 2 | . 2 Propulsion 2 | . 2 Utility 1 | . 1 Weapon 4 | . 4 Highest Loss Streak 9 | . 9 To Critical Strikes . | . . Average Slot Usage (%) 84 | . 84 Engine 10 | . 10 Treads 3 | . 3 Leg 17 | . 17 Wheel 3 | . 3 Device 11 | . 11 Storage 12 | . 12 Energy Gun 8 | . 8 Ballistic Gun 13 | . 13 Naked Turns . | . . Heaviest Build 20 | 9 20 Greatest Support 40 | 20 40 Greatest Overweight (x) 3 | . 3 Average Overweight (x) . | . . Largest Inventory Capacity 10 | 5 10 Average Capacity 8 | 5 9 Most Carried 10 | 5 10 Average Carried 6 | 3 7 Final Capacity 10 | 5 10 Final Carried 10 | 5 10 Class Distribution -------------------- 96% | Mutant 3% | Scavenger-Mutant Dominant Class ---------------- Mutant | -10/Materials Resources | -11 -10 ----------- Run | Yrd Mat Matter Collected 492 | 227 265 Remotely . | . . Salvage Created 571 | 149 422 Parts 44 | 16 28 Haulers Intercepted . | . . Recyclers Shooed . | . . Parts Field Recycled . | . . Retrieved Matter . | . . Parts Self-Destructed . | . . Prevented . | . . Kills | -11 -10 ------- Run | Yrd Mat Combat Hostiles Destroyed 11 | . 11 Guns 9 | . 9 AOE 2 | . 2 Classes Destroyed 7 | 3 4 Worker 3 | 2 1 Builder 1 | . 1 Tunneler 3 | 3 . Recycler 2 | 1 1 Watcher 1 | . 1 Swarmer 6 | . 6 Grunt 5 | . 5 Best Kill Streak 6 | 5 6 Combat Bots Only 5 | . 5 Max Kills in Single Turn 2 | 1 2 Gunslinging . | . . Exploded 2 | . 2 Melee . | . . Uniques/NPCs Destroyed . | . . Combat | -11 -10 -------- Run | Yrd Mat Hostile Shots Fired 132 | . 132 Missed 31 | . 31 Damage Taken 1088 | 13 1075 Core 256 | 13 243 Absorbed by Shields . | . . Core Remaining (%) 94 | 94 . Volleys Fired 75 | 10 65 Largest 2 | 2 2 Hottest 85 | 70 85 Shots Fired 101 | 12 89 Gun 97 | 12 85 Cannon . | . . Launcher 4 | . 4 Special . | . . Kinetic 66 | 2 64 Thermal 31 | 10 21 Explosive 4 | . 4 Electromagnetic . | . . Robot Hit Streak 8 | 5 8 Robot Miss Streak 5 | 1 5 Penetration Max . | . . Secondary Targets 2 | . 2 Max Gunslinging Chain 1 | . 1 Shots Hit Robots 62 | 9 53 Core Hits 38 | 9 29 Critical Kills . | . . Critical Parts Destroyed . | . . Critical Strikes . | . . Melee Attacks 1 | . 1 Impact . | . . Slashing . | . . Piercing . | . . Sneak Attacks . | . . Combat Hostiles . | . . Follow-up Attacks . | . . Damage Inflicted 848 | 128 720 Guns 605 | 112 493 Cannons . | . . Explosions 225 | . 225 Melee . | . . Ramming 18 | 16 2 Kinetic 361 | 11 350 Thermal 244 | 101 143 Explosive 225 | . 225 Electromagnetic . | . . Impact . | . . Slashing . | . . Piercing . | . . Highest Corruption . | . . Average Corruption . | . . Corruption Purged . | . . Corruption Blocked . | . . Overload Shots . | . . Overflow Damage . | . . Projectiles . | . . Explosions . | . . Melee . | . . Knockbacks 2 | 2 . Impact 2 | 2 . Kinetic . | . . Secondary . | . . Self-Inflicted Damage 3 | 3 . Shots . | . . Rammed 3 | 3 . Targets Rammed 10 | 9 1 Kicked 7 | 6 1 Crushed . | . . Highest Temperature 94 | 80 94 Average Temperature 22 | 33 18 Received Heat Transfer 432 | . 432 Siege Activations . | . . Robots Corrupted . | . . Combat Hostiles . | . . Parts Fried . | . . Impact Corruptions . | . . Robots Melted . | . . Combat Hostiles . | . . Parts Melted 1 | . 1 Heat Transferred 703 | 296 407 Parts Sabotaged . | . . Parts Stolen . | . . Parts Stripped . | . . Power Chain Reactions . | . . Alert | -11 -10 ------- Run | Yrd Mat Peak Influence 320 | 30 320 Initial 19 | . 19 Average 84 | 14 116 Maximum Alert Level 1 | . 1 Low Security (%) 83 | 100 76 Level 1 16 | . 23 Level 2 . | . . Level 3 . | . . Level 4 . | . . Level 5 . | . . High Security . | . . Max Security . | . . Squads Dispatched 2 | . 2 Investigation 1 | . 1 Extermination . | . . Reinforcement 1 | . 1 Assault . | . . Garrison . | . . Intercept . | . . Searches Triggered . | . . Construction Impeded . | . . Haulers Reinforced . | . . Active Scanning Responses . | . . Cargo Convoy Interrupts . | . . Stealth | -11 -10 --------- Run | Yrd Mat Distress Signals 4 | . 4 Communications Jammed . | . . Distress Signals . | . . Times Spotted 17 | . 17 Peak Tracking Total 7 | . 7 Tactical Retreats 2 | . 2 Traps | -11 -10 ------- Run | Yrd Mat Traps Triggered 1 | . 1 Indirectly . | . . Trap Hack Attempts . | . . Triggered . | . . Disarmed . | . . Reprogrammed . | . . Reused . | . . Traps Extracted . | . . Installed . | . . Triggered . | . . Machines | -11 -10 ---------- Run | Yrd Mat Machines Disabled 2 | . 2 Max in Single Turn 1 | . 1 Machines Repaired . | . . Machines Dismantled . | . . Machines Sabotaged . | . . Overloaded Fab Kills . | . . Hacking | -11 -10 --------- Run | Yrd Mat Machines Accessed 1 | . 1 Terminals 1 | . 1 Fabricators . | . . Repair Stations . | . . Recycling Units . | . . Scanalyzers . | . . Garrison Access . | . . Total Hacks 2 | . 2 Successful 1 | . 1 Failed 1 | . 1 Catastrophic 1 | . 1 Database Lockouts . | . . Manual 1 | . 1 Terminals 2 | . 2 Fabricators . | . . Repair Stations . | . . Recycling Units . | . . Scanalyzers . | . . Garrison Access . | . . Terminal Hacks 1 | . 1 Alert Level 1 | . 1 Fabricator Hacks . | . . Repair Station Hacks . | . . Recycling Unit Hacks . | . . Scanalyzer . | . . Garrison Access Hacks . | . . Unauthorized Hacks . | . . Terminals . | . . Fabricators . | . . Repair Stations . | . . Recycling Units . | . . Scanalyzers . | . . Garrison Access . | . . Data Cores Recovered . | . . Used . | . . Hacking Detections . | . . Full Trace Events . | . . Feedback Events . | . . Feedback Blocked . | . . Robot Schematics Acquired . | . . Robots Built . | . . Authchips . | . . Time . | . . Total Robot Build Rating . | . . Part Schematics Acquired . | . . Parts Built . | . . Authchips . | . . Time . | . . Total Part Build Rating . | . . Parts Repaired . | . . Time . | . . Parts Recycled . | . . Recycled Matter . | . . Retrieved Matter . | . . Retrieved Components . | . . Parts Scanalyzed . | . . Part Schematics Acquired . | . . Parts Damaged . | . . Bothacking | -11 -10 ------------ Run | Yrd Mat Used RIF Installer . | . . Robots Hacked 1 | . 1 Non-combat . | . . Combat 1 | . 1 Robot Hacks Applied 1 | . 1 parse_system 1 | . 1 Relay Couplers Released . | . . Fabnet Peak Effective % . | . . Robots Rewired . | . . Allies Hacked . | . . Hacks Repelled . | . . Allies | -11 -10 -------- Run | Yrd Mat Total Allies . | . . Largest Group . | . . Highest-Rated Group . | . . Highest-Rated Ally . | . . Total Orders . | . . Ally Attacks . | . . Total Damage . | . . Kills . | . . Allies Corrupted . | . . Allies Melted . | . . Intel | -11 -10 ------- Run | Yrd Mat Robot Analysis Total . | . . Derelict Logs Recovered . | . . Drone Launches . | . . Drone Recoveries . | . . Exploration | -11 -10 ------------- Run | Yrd Mat Turns Passed 764 | 237 527 Spaces Moved 443 | 184 259 Core 64 | 53 11 Treads 15 | . 15 Legs 321 | 131 190 Wheels 43 | . 43 Hover . | . . Flight . | . . Fastest Speed 50 | 50 80 Average Speed 111 | 99 119 Slowest Speed 200 | 120 200 Overloaded Moves . | . . Propulsion Burnouts . | . . Robots Hopped . | . . Cave-ins Triggered . | . . Exploration Rate (%) 17 | 5 30 Regions Visited 1 Branch Regions . Pre-discovered Areas . | . . Known Exits Taken . | . . Unknown Exits Taken 1 | 1 . Scrap Searched . | . . Spaces Dug . | . . Terrain Destroyed 7 | . 7 Melee . | . . Projectile . | . . AOE 7 | . 7 Terrain Rammed . | . . Walls Destroyed . | . . Machines Disabled . | . . Actions | -11 -10 --------- Run | Yrd Mat Total 622 | 225 397 Wait 27 | . 27 Move 442 | 183 259 Hop . | . . Pick Up 33 | 14 19 Fast Attach . | . . Attach 19 | 7 12 Detach 1 | . 1 Swap 7 | . 7 Drop 7 | 2 5 Fire 75 | 10 65 Melee 1 | . 1 Ram 3 | 3 . Kick 7 | 6 1 Crush . | . . Escape Stasis . | . . Rewire . | . . Trap . | . . Miscellaneous . | . . Route ------- -11/Scrapyard -10/Materials (discovered 1 exit: [*Mat]) History --------- Turn | Location | Event 14 | -11/Scrapyard | Discovered new exit (range 15) 238 | -11/Scrapyard | Entered Materials 310 | -10/Materials | Build established: Mutant 559 | -10/Materials | Core integrity fell below 50% 598 | -10/Materials | Core integrity fell below 20% 622 | -10/Materials | Lost 9 parts (2p2n1u4w) 731 | -10/Materials | Discovered new exit (range 16) 765 | -10/Materials | Destroyed by G-34 Mercenary with Small Laser Last Messages --------------- Acquired Terrain Scan Processor. Acquired 21 matter. Acquired Aluminum Leg. Acquired 16 matter. R-06 Scavenger collects Sml. Matter Pod. Connecting with Terminal... Current location identified: Materials >>Alert(Check) Current Alert Level: Low Security R-06 Scavenger collects Flight Unit. T-07 Excavator is excavating. EXIT=FOUND T-07 Excavator is excavating. Acquired Lgt. Assault Rifle. T-07 Excavator is excavating. Triggered Alarm Trap. An alarm sounds. ALERT: Alarm triggered, dispatching investigation squad. U-05 Engineer lays Concrete. Map ----- +----------------------------------------------------+ | | | | | | | | | | | | | | | | | | | | | ???????????????????????????????????????? | | ???????????????????????????????????????? | | ???????????????????????????????????????? | | ???????????????????????????????????????? | | ???????????????????????????????????????? | | ???????????????????????????????????????? | | ???????????????????????????????????????? | | ???????????????????????????????????????? | | ???????????????????????????????????????? | | ???????????????????????????????????????? | | ???????????????????????????????????????? | | ???????????????????????????????????????? | | ????????????????????????#####??????????? | | ????????????????????????# #?##???????? | | ????????????????????????# g # #???????? | | ????????????????????????#@ # #???????? | | ??????????####+####+##### u #???????? | | ??????????# !! # ##???????? | | ??????????+ !! #??????????? | | ??????????# T ! #??????????? | | ???????????# #??????????? | | ???????????# #??????????? | | ???????????# #??????????? | | ???????????# #?? ???????? | | ???????????# # ?????????? | | ???????????# +??????????? | | ???????????# =% #??????????? | | ???????????# """ #??????????? | | ???????????# "" #??????????? | | ???????????# " #??????????? | | ???????????# "" #??????????? | | ???????????# "" " = #??????????? | | ???????????# % % % ########???? | | ???????????# ! #???? | | ???????????# = #### ### #???? | | ???????????# ###+##### #???????? | | ??????##/### # T # #???????? | | ???? + ! # #???????? | | ???? # [ # #???????? | | ???? !!######### #???????? | +----------------------------------------------------+ Best States ------------- Heat Dissipation 25 Energy Generation 10 Energy Capacity 250 Matter Stores 300 Matter Capacity 300 Sight Range 16 Terrain Scan Range 16 Terrain Scan Density 10 Evasion (%) 55 Recoil Reduction 2 Item Schematics ----------------- None Robot Schematics ------------------ None Fabricated ------------ Nothing Alien Tech Used ----------------- None Achievements -------------- None Challenges ------------ None Game ------ Seed LargeTrapRay Manual? 0 Play Time 00:26:31 Cumulative 2.3 hours Start 2024.05.02 @ 18:19:04 End 2024.05.02 @ 18:54:36 Sessions 1 Manual Loads 0 Difficulty Rogue Special Mode None Game No. 4 Rogue 4 Adventurer 0 Explorer 0 Win Type - Total 0 Types 0/0/0/0/0/0/0/0/0 Lore% 5 Gallery% 6 Achievement% 5 Wizard Run 0 Options --------- Layout 1 ASCII 0 Keyboard 1 Movement Arrows Keybinds 0 Fullscreen 1 Font 24/X11 Map View 50x35 Zoom Use 0% Tactical HUD 0 Map Filters NONE Filters NONE Steam 1 RUN: 64e78eaf-b6c3-4fec-b585-22c9fb4b9d8f